 Dungeon Crawl Stone Soup version 0.22-a0-362-g535178c5c5 (webtiles) character file.

2302 RKaid the Slinger (level 9, 0/61 HPs)
             Began as a Halfling Arcane Marksman on Apr 20, 2018.
             Was a Follower of Fedhas.
             Killed from afar by a wizard (25 damage)
             ... with a stone arrow
             ... on level 7 of the Dungeon.
             The game lasted 00:34:33 (9446 turns).

RKaid the Slinger (Halfling Arcane Marksman)        Turns: 9446, Time: 00:34:34

Health: 0/61       AC:  7    Str: 11    XL:     9   Next: 67%
Magic:  10/10      EV: 16    Int: 13    God:    Fedhas [*.....]
Gold:   294        SH:  6    Dex: 16    Spells: 5/10 levels left

rFire    . . .     SeeInvis .   a - +1 hunting sling
rCold    . . .     Gourm    .   n - +0 buckler
rNeg     . . .     Faith    .   C - +0 leather armour
rPois    .         Spirit   .   j - +1 helmet
rElec    .         Reflect  .   (no cloak)
rCorr    .         Harm     .   m - +1 pair of gloves
MR       +....                  (no boots)
Stlth    +.........             (no amulet)
HPRegen  0.20/turn              d - ring of wizardry {Wiz+}
MPRegen  0.12/turn              F - ring of protection from magic {MR+}

@: no status effects
A: small, mutation resistance 1
a: Fungal Bloom, Evolution, Renounce Religion


You were on level 7 of the Dungeon.
You worshipped Fedhas.
Fedhas was aware of your devotion.
You were not hungry.

You visited 1 branch of the dungeon, and saw 8 of its levels.
You also visited: Ossuary.

You collected 294 gold pieces.

Inventory:

Hand Weapons
 a - a +1 hunting sling (weapon)
 b - a +0 dagger of flaming
   (You took it off an orc wizard on level 7 of the Dungeon)
Missiles
 q - 57 sling bullets (quivered)
 s - 90 stones
Armour
 j - a +1 helmet (worn)
   (You found it on level 4 of the Dungeon)
 m - a +1 pair of gloves (worn)
   (You found it on level 1 of the Dungeon)
 n - a +0 buckler (worn)
   (You found it on level 4 of the Dungeon)
 C - a +0 leather armour (worn)
   (You took it off an orc wizard on level 5 of the Dungeon)
Jewellery
 d - a ring of wizardry (left hand) {Wiz+}
   (You found it on level 1 of the Dungeon)
 y - an uncursed ring of flight {+Fly}
   (You found it on level 2 of the Dungeon)
 B - an uncursed amulet of faith {Faith, !P}
   (You found it on level 5 of the Dungeon)
 F - a ring of protection from magic (right hand) {MR+}
   (You found it on level 6 of the Dungeon)
Scrolls
 g - a scroll of fog
 i - a scroll of identify
 l - a scroll of blinking {!r}
 o - 2 scrolls of remove curse
 t - 4 scrolls of teleportation
 z - a scroll of amnesia
 H - a scroll of fear
 I - 2 scrolls of enchant armour
Potions
 c - 2 potions of curing
 e - a potion of berserk rage {unknown}
 h - 3 potions of heal wounds
 p - 2 potions of brilliance
 r - a potion of agility {unknown}
 u - 5 potions of flight
 w - 7 potions of lignification {!q}
 x - a potion of ambrosia {unknown}
 A - 2 potions of magic
 D - a potion of mutation {unknown}
 E - a potion of haste {unknown}
 G - a potion of resistance
 J - a potion of cancellation {unknown}
Comestibles
 f - 9 rations


   Skills:
 + Level 5.4 Fighting
 - Level 12.0 Slings
 + Level 4.2 Dodging
 - Level 5.6 Shields
 - Level 1.0 Spellcasting
 - Level 2.4 Hexes
 + Level 1.1 Air Magic
 + Level 1.1 Poison Magic


You had 5 spell levels left.
You knew the following spells:

 Your Spells              Type           Power        Failure   Level  Hunger
a - Slow                  Hex            #.......     9%          2    ###....
b - Poisonous Vapours     Pois/Air       #.....       14%         2    ###....
c - Corona                Hex            #......      6%          1    ##.....


Dungeon Overview and Level Annotations

Branches:
Dungeon (8/15)             Temple (0/1) D:7
   Lair: D:8-11

Altars:
Fedhas
Hepliaklqana
Kikubaaqudgha
Makhleb
Ru
Trog
Uskayaw
Wu Jian
Xom
The Shining One

Annotations:
D:5 2 transporters
D:7 exclusion: downstairs


Innate Abilities, Weirdness & Mutations

You are small and have problems with some larger weapons.
You are somewhat resistant to further mutation.


Message History

Press: ? - help, Shift-Dir - straight line You shoot a sling bullet.
Something hits you but does no damage.
You are more poisoned.
Firing (i - inventory. (/) - cycle)
q - 70 sling bullets (quivered)
Press: ? - help, Shift-Dir - straight line You shoot a sling bullet.
You feel sick.
Firing (i - inventory. (/) - cycle)
q - 69 sling bullets (quivered)
Press: ? - help, Shift-Dir - straight line You shoot a sling bullet.
You feel sick.
You hear some strange, mumbled words.
A stone arrow appears from out of thin air!
The stone arrow misses you.
Firing (i - inventory. (/) - cycle)
q - 68 sling bullets (quivered)
Press: ? - help, Shift-Dir - straight line You shoot a sling bullet.
Something hits you.
You are more poisoned.
Firing (i - inventory. (/) - cycle)
q - 67 sling bullets (quivered)
Press: ? - help, Shift-Dir - straight line You shoot a sling bullet.
You feel sick.
Firing (i - inventory. (/) - cycle)
q - 66 sling bullets (quivered)
Press: ? - help, Shift-Dir - straight line You shoot a sling bullet.
You feel sick.
You hear some strange, mumbled words.
A bolt of lightning appears from out of thin air!
The bolt of lightning misses you.
You feel sick.
You feel sick.
You hear some strange, mumbled words.
A stone arrow appears from out of thin air!
The stone arrow misses you.
You feel sick.
There is an open door here.
You feel sick.
You feel sick.
Okay, then.
Okay, then.
You feel sick.
You feel sick.
You feel sick.
You feel sick.
There is an open door here.
You feel sick.
You feel sick.
There is an open door, spattered with blood here.
You see here 9 sling bullets.
You feel sick.
There is a stone staircase leading down here.
Things that are here:
a +2 scimitar x2; a +0 short sword You feel sick.
You feel sick.
There is an open door here.
Things that are here:
a ring mail; a trident; an orc skeleton You see here a trident.
You feel sick.
You feel sick.
A stone arrow appears from out of thin air!
The stone arrow hits you!
* * * LOW HITPOINT WARNING * * *
Casting: Poisonous Vapours (safe; 14% risk of failure)
Confirm with . or Enter, or press ? or * to list all spells.
Aiming: Corona (safe; 6% risk of failure)
Press: ? - help, Shift-Dir - straight line Nothing appears to happen.
A stone arrow appears from out of thin air!
The stone arrow misses you.
You feel better.
Firing (i - inventory. (/) - cycle)
q - 65 sling bullets (quivered)
Press: ? - help, Shift-Dir - straight line You shoot a sling bullet.
You hear some strange, mumbled words.
A stone arrow appears from out of thin air!
The stone arrow misses you.
Firing (i - inventory. (/) - cycle)
q - 64 sling bullets (quivered)
Press: ? - help, Shift-Dir - straight line You shoot a sling bullet.
Firing (i - inventory. (/) - cycle)
q - 63 sling bullets (quivered)
Press: ? - help, Shift-Dir - straight line You shoot a sling bullet.
Firing (i - inventory. (/) - cycle)
q - 62 sling bullets (quivered)
Press: ? - help, Shift-Dir - straight line You shoot a sling bullet.
Firing (i - inventory. (/) - cycle)
q - 61 sling bullets (quivered)
Press: ? - help, Shift-Dir - straight line You shoot a sling bullet.
Firing (i - inventory. (/) - cycle)
q - 60 sling bullets (quivered)
Press: ? - help, Shift-Dir - straight line You shoot a sling bullet.
Something closely misses you.
Firing (i - inventory. (/) - cycle)
q - 59 sling bullets (quivered)
Press: ? - help, Shift-Dir - straight line You shoot a sling bullet.
Firing (i - inventory. (/) - cycle)
q - 58 sling bullets (quivered)
Press: ? - help, Shift-Dir - straight line You shoot a sling bullet.
You hear some strange, mumbled words.
A stone arrow appears from out of thin air!
The stone arrow hits you!
You die...
Fedhas appreciates your contribution to the ecosystem.

#..................#..........
####..................#'######...
....##'###'#####'###.........####
....#...#.....#....#.........#
....#...#.....(....'.........#
....#...#....{#....#.........#
....#..###..)[###..#.........#
#'###..###[######..###'#######
#........(.)....@....#.......#
#....................#.......#
#........<...........+.......#
##############################


There were no monsters in sight!

Vanquished Creatures
  A wraith (Ossuary)
  A sky beast (D:7)
  3 ogres
  A necrophage (D:6)
  2 phantoms
  A centaur (D:7)
  2 bullfrogs (D:6)
  A gnoll sergeant (D:6)
  3 scorpions
  4 wights (D:7)
  4 howler monkeys
  A centaur zombie (D:8)
  3 crimson imps
  3 orc wizards
  A bullfrog skeleton (D:4)
  2 hounds
  Jessica (D:2)
  2 iguanas
  4 worker ants
  A mummy (Ossuary)
  7 gnolls
  11 adders
  2 shadow imps
  3 adder skeletons
  4 worms
  A dart slug (D:3)
  2 leopard geckos
  10 orcs
  8 bats
  5 giant cockroaches
  8 hobgoblins
  16 jackals
  5 kobolds
  3 quokkas
  4 ball pythons
  A ball python skeleton (D:4)
  8 frilled lizards
  9 gnoll skeletons (Ossuary)
  5 goblins
  4 kobold skeletons (Ossuary)
  A leopard gecko zombie (D:5)
  12 orc skeletons (Ossuary)
  4 rats
174 creatures vanquished.

Vanquished Creatures (others)
  A plant (D:7)
  31 toadstools
32 creatures vanquished.

Grand Total: 206 creatures vanquished

Notes
Turn   | Place    | Note
-------+----------+-------------------------------------------
     0 | D:1      | RKaid the Halfling Arcane Marksman began the quest for the Orb.
     0 | D:1      | Reached XP level 1. HP: 12/12 MP: 2/2
    47 | D:1      | Reached skill level 1 in Fighting
   133 | D:1      | Reached XP level 2. HP: 18/18 MP: 3/3
   504 | D:1      | Reached skill level 4 in Slings
  1017 | D:2      | Reached XP level 3. HP: 17/23 MP: 4/4
  1370 | D:2      | Reached skill level 5 in Slings
  1378 | D:2      | Reached XP level 4. HP: 21/29 MP: 5/5
  1558 | D:2      | Found an ornate altar of the Wu Jian Council.
  1558 | D:2      | Found a blossoming altar of Fedhas.
  1560 | D:2      | Found a sacrificial altar of Ru.
  1561 | D:2      | Found a bloodstained altar of Trog.
  1562 | D:2      | Found a burning altar of Makhleb.
  1564 | D:2      | Found a glowing golden altar of the Shining One.
  1582 | D:2      | Found an ancient bone altar of Kikubaaqudgha.
  1618 | D:2      | Reached skill level 2 in Fighting
  1621 | D:2      | Noticed Jessica
  1625 | D:2      | Killed Jessica
  1654 | D:2      | Reached skill level 6 in Slings
  1654 | D:2      | Reached XP level 5. HP: 13/35 MP: 6/6
  2408 | D:2      | Became a worshipper of Fedhas Madash
  3311 | D:4      | Noticed a two-headed ogre
  3451 | D:4      | Reached skill level 7 in Slings
  3451 | D:4      | Reached XP level 6. HP: 39/41 MP: 7/7
  3650 | D:4      | Noticed a phantom
  3657 | D:4      | Reached skill level 3 in Fighting
  3741 | D:4      | Noticed a phantom
  3804 | D:3      | Learned a level 2 spell: Slow
  4003 | D:4      | Reached skill level 1 in Shields
  4226 | D:4      | Killed a phantom
  4226 | D:4      | Reached skill level 8 in Slings
  4226 | D:4      | Reached skill level 2 in Shields
  4226 | D:4      | Reached XP level 7. HP: 42/46 MP: 8/8
  4885 | D:5      | Entered Level 5 of the Dungeon
  4902 | D:5      | Found a transporter.
  5095 | D:5      | Found a transporter.
  5176 | D:5      | Reached skill level 3 in Shields
  5241 | D:5      | Noticed a fire bat
  5242 | D:5      | Noticed a fire bat
  5810 | D:5      | Reached skill level 9 in Slings
  5810 | D:5      | Reached XP level 8. HP: 34/54 MP: 9/9
  5981 | D:5      | Reached skill level 4 in Shields
  6203 | D:5      | Found a shimmering altar of Xom.
  6204 | D:5      | Found a hazy altar of Hepliaklqana.
  6205 | D:5      | Noticed a spectral ugly thing
  6298 | D:6      | Reached skill level 4 in Fighting
  6449 | D:6      | Found a hide-covered altar of Uskayaw.
  6450 | D:6      | Noticed a hand axe
  6450 | D:6      | Noticed a dagger
  6530 | D:6      | Reached skill level 10 in Slings
  6530 | D:6      | Reached skill level 5 in Shields
  6985 | D:6      | Learned a level 2 spell: Poisonous Vapours
  7347 | D:7      | Reached XP level 9. HP: 18/59 MP: 7/10
  7473 | D:7      | Reached skill level 11 in Slings
  7481 | D:7      | Reached * piety under Fedhas
  7537 | D:7      | Found a staircase to the Ecumenical Temple.
  7585 | D:7      | Found a sand-covered staircase.
  7606 | D:7      | Reached skill level 3 in Dodging
  7622 | Ossuary  | Entered an ossuary
  8024 | Ossuary  | Reached skill level 5 in Fighting
  8727 | D:7      | Reached skill level 12 in Slings
  8749 | D:7      | Reached skill level 4 in Dodging
  9185 | D:8      | Noticed a wizard
  9186 | D:8      | Noticed a wizard
  9386 | D:8      | Reached skill level 1 in Air Magic
  9386 | D:8      | Reached skill level 1 in Poison Magic
  9446 | D:7      | Killed from afar by a wizard

Vault maps used:
D:1:      mrwooster_arrival_statue
D:2:      minitemple, lemuel_doored_altar, minmay_misc_feat_hallway,
          grunt_ministairs_7, minmay_misc_feat_x, minmay_quantized, uniq_jessica
D:3:      first_ration
D:5:      gammafunk_cloud_chamber, regret_index_temple_of_mockery
D:6:      dancing_weapons_uskayaw
D:7:      minmay_temple_entry_overgrown, lightli_ossuary_entry_decrepit_ruins
D:8:      cheibrodos_wizards_tower, david_nohive_1
Ossuary:  ossuary_due_mausoleum

Skill      XL: |  1  2  3  4  5  6  7  8  9 |
---------------+----------------------------+-----
Fighting       | 1 2 3 4 5 |  5.4
Slings         | 4 5 6 7 8 9 10 12 | 12.0
Shields        | 2 3 5 |  5.6
Dodging        | 4 |  4.2
Air Magic      | 1 |  1.1
Poison Magic   | 1 |  1.1
Spellcasting   | |  1.0
Hexes          | |  2.4

Action                   |  1- 3 |  4- 6 |  7- 9 || total
-------------------------+-------+-------+-------++-------
Melee: Short sword       |    10 |       |       ||    10
       Dagger            |       |       |     1 ||     1
 Fire: Hunting sling     |    95 |   272 |   611 ||   978
 Cast: Slow              |       |       |     3 ||     3
       Poisonous Vapours |       |       |     4 ||     4
       Corona            |       |       |     1 ||     1
Invok: Fungal Bloom      |       |     8 |     7 ||    15
  Use: Scroll            |       |     9 |    13 ||    22
       Potion            |       |       |     1 ||     1
  Eat: Chunk             |       |     6 |    10 ||    16
       Ration            |       |     1 |     2 ||     3
Armor: Robe              |     9 |    26 |    12 ||    47
       Leather armour    |       |       |    21 ||    21
Dodge: Dodged            |    31 |    82 |   109 ||   222
Block: Buckler           |       |     7 |    51 ||    58

Table legend:
 A = Spawn XP
 B = Non-spawn XP
 C = Spawn XP percentage of total XP
 D = Spawn monster count
 E = Non-spawn monster count
 F = Spawn count percentage of total count
 G = Total turns spent on level
                    A         B        C        D         E        F      G
               +---------+---------+-------+---------+---------+-------+---------
         Total |       0 |    3289 |   0.0 |       0 |     174 |   0.0 |  9446
               +---------+---------+-------+---------+---------+-------+---------
           D:1 |       0 |      26 |   0.0 |       0 |      16 |   0.0 |   997
           D:2 |       0 |     148 |   0.0 |       0 |      20 |   0.0 |  1445
           D:3 |       0 |      85 |   0.0 |       0 |      26 |   0.0 |  1137
           D:4 |       0 |     412 |   0.0 |       0 |      21 |   0.0 |  1328
           D:5 |       0 |     546 |   0.0 |       0 |      18 |   0.0 |  1380
           D:6 |       0 |     684 |   0.0 |       0 |      23 |   0.0 |   995
           D:7 |       0 |    1038 |   0.0 |       0 |      21 |   0.0 |  1431
           D:8 |       0 |      89 |   0.0 |       0 |       2 |   0.0 |    55
       Ossuary |       0 |     261 |   0.0 |       0 |      27 |   0.0 |   678
               +---------+---------+-------+---------+---------+-------+---------

Table legend:
 A = Turns spent in this place as a percentage of turns spent in the entire game.
 B = Non-inter-level travel turns spent in this place as a percentage of non-inter-level travel turns spent in the entire game.
 C = Inter-level travel turns spent in this place as a percentage of turns spent in this place.
 D = Turns resting spent in this place as a percentage of non-inter-level travel turns spent in this place.
 E = Turns spent auto-exploring this place as a percentage of non-inter-level travel turns spent in this place.
 F = Non-inter-level travel turns spent in this place divided by the number of levels of this place that you've seen.
                   A       B       C       D       E      F
               +-------+-------+-------+-------+-------+----------------------
         Total | 100.0 | 100.0 |   7.2 |  16.6 |  49.6 | 973.9
       Dungeon |  92.8 |  92.3 |   7.8 |  14.0 |  53.0 | 1010.9
       Ossuary |   7.2 |   7.7 |   0.0 |  46.8 |   8.3 | 678.0
               +-------+-------+-------+-------+-------+----------------------

Table legend:
 A = Kills in this place as a percentage of kills in entire the game.
 B = Kills by you in this place as a percentage of kills by you in the entire game.
 C = Kills by friends in this place as a percentage of kills by friends in the entire game.
 D = Other kills in this place as a percentage of other kills in the entire game.
 E = Experience gained in this place as a percentage of experience gained in the entire game.
 F = Experience gained in this place divided by the number of levels of this place that you have seen.
                   A       B       C       D       E      F
               +-------+-------+-------+-------+-------+----------------------
         Total | 100.0 | 100.0 |   N/A |   N/A | 100.0 | 365.4
       Dungeon |  84.5 |  84.5 |   N/A |   N/A |  92.1 | 378.5
       Ossuary |  15.5 |  15.5 |   N/A |   N/A |   7.9 | 261.0
               +-------+-------+-------+-------+-------+----------------------
